 Dungeon Crawl Stone Soup version 0.27-a0-448-gace5c5693b (webtiles) character file.

Game seed: 243607215630664035

33084 booneroo the Brawler (level 13, -11/122 HPs)
             Began as a Troll Fighter on Feb 27, 2021.
             Was a Follower of Uskayaw.
             Killed from afar by a starcursed mass (18 damage)
             ... with an accursed screaming
             ... while paralysed by accursed screaming
             ... on level 3 of the Abyss.
             The game lasted 02:11:00 (21603 turns).

booneroo the Brawler (Troll Fighter)               Turns: 21603, Time: 02:11:00

Health: -11/122    AC: 11    Str: 31      XL:     13   Next: 34%
Magic:  0/23       EV: -2    Int:  3 (4)  God:    Uskayaw [*.....]
Gold:   908        SH:  0    Dex:  9      Spells: 12/12 levels left

rFire    . . .     SeeInvis .     - Unarmed
rCold    . . .     Faith    .   b - +0 kite shield
rNeg     . . .     Spirit   +   d - +1 swamp dragon scales
rPois    +         Reflect  .   (helmet restricted)
rElec    .         Harm     .   F - scarf {repulsion}
rCorr    .         Rampage  .   (gloves unavailable)
Will     .....                  (boots unavailable)
Stlth    ++........             w - amulet of guardian spirit
HPRegen  1.30/turn              i - ring of flight
MPRegen  0.18/turn              h - ring of magical power

@: paralysed, about to teleport, constricted, studying Maces & Flails, repel
missiles
A: large, unfitting armour, claws 3, repulsion field 1, regeneration 1, shaggy
fur 1, tough skin 1, MP-powered wands
a: Renounce Religion, Evoke Flight, Stomp


You were on level 3 of the Abyss.
You worshipped Uskayaw.
Uskayaw was noncommittal.
You visited 2 branches of the dungeon, and saw 14 of its levels.
You visited the Abyss 1 time.

You collected 908 gold pieces.

Inventory:

Hand Weapons
 k - a +1 mace
 q - a +1 rapier of speed
Missiles
 g - 529 stones (quivered)
 l - 52 poisoned darts
 D - 19 large rocks
 G - 3 throwing nets
Armour
 b - a +0 kite shield (worn)
 d - +1 swamp dragon scales (worn)
 y - a +0 troll leather armour
 F - a scarf of repulsion (worn)
Jewellery
 h - a ring of magical power (right claw)
 i - a ring of flight (left claw)
 w - an amulet of guardian spirit (around neck)
 B - a +6 ring of intelligence
Wands
 v - a wand of acid (10)
 A - a wand of polymorph (16)
 K - a wand of flame (22)
Scrolls
 m - 8 scrolls of teleportation
 o - 3 scrolls of immolation
 p - 2 scrolls of fog
 s - a scroll of blinking
 z - 2 scrolls of enchant weapon
 C - a scroll of amnesia
 E - a scroll of summoning {unknown}
 I - 2 scrolls of torment
 M - a scroll of holy word
Potions
 c - 3 potions of flight
 f - 4 potions of mutation
 j - 2 potions of brilliance
 r - a potion of resistance
 t - a potion of invisibility
 u - 6 potions of curing
 x - a potion of cancellation
 H - a potion of attraction


   Skills:
 + Level 6.4 Fighting
 + Level 1.6 Throwing
 - Level 5.0 Armour
 + Level 4.3 Dodging
 - Level 4.5 Stealth
 - Level 9.1 Shields
 + Level 15.0 Unarmed Combat
 - Level 2.8 Invocations
 - Level 2.3 Evocations


You had 12 spell levels left.
You didn't know any spells.
Your spell library contained the following spells:

 Spells                   Type           Power        Failure   Level
 Beastly Appendage        Tmut           0%           63%         1
 Magic Dart               Conj           0%           63%         1
 Searing Ray              Conj           0%           77%         2
 Wereblood                Tmut           0%           77%         2
 Dazzling Flash           Conj/Hex       0%           94%         3
 Spider Form              Tmut/Pois      0%           94%         3
 Cause Fear               Hex            0%           100%        4
 Fulminant Prism          Conj/Hex       0%           100%        4
 Ice Form                 Ice/Tmut       0%           100%        4
 Iskenderun's Mystic Bla  Conj/Tloc      0%           100%        4
 Blade Hands              Tmut           0%           100%        5
 Silence                  Hex/Air        0%           100%        5
 Summon Forest            Summ/Tloc      0%           100%        5
 Summon Mana Viper        Hex/Summ       0%           100%        5
 Yara's Violent Unravell  Hex/Tmut       0%           100%        5
 Shadow Creatures         Summ           N/A          100%        6
 Summon Hydra             Summ           0%           100%        7
 Discord                  Hex            0%           100%        8


Dungeon Overview and Level Annotations

Branches:
Dungeon (13/15)            Temple (1/1) D:7            Lair (0/6) D:11
    Orc (0/2) D:12
 Vaults: D:13-14

Altars:
Ashenzari
Cheibriados
Dithmenos
Elyvilon
Fedhas
Gozag
Hepliaklqana
Kikubaaqudgha
Makhleb
Nemelex Xobeh
Okawaru
Qazlal
Ru
Sif Muna
Trog
Uskayaw
Vehumet
Wu Jian
Xom
Yredelemnul
Zin
The Shining One

Shops:
D:7 :   D:9 =

Annotations:
D:11 2 transporters, Glorbak's ghost, journeyman TrFi


Innate Abilities, Weirdness & Mutations

You are too large for most types of armour.
You have claws for hands.
Your natural rate of healing is unusually fast.
You are covered in fur. (AC +1)
You have tough skin. (AC +1)
You are surrounded by a mild repulsion field. (EV +2)
You expend magic power (3 MP) to strengthen your wands.


Message History

The starcursed mass is no longer sharing its pain.
The large abomination is no longer sharing its pain.
The starcursed mass is no longer sharing its pain. x2
The large abomination hits you. A chorus of shrieks assaults your mind.
As you read the scroll of teleportation, it crumbles to dust.
You feel strangely unstable.
You feel the power of the Abyss delaying your translocation!
The large abomination hits you. A chorus of shrieks assaults your mind.
The large abomination hits you!
* * * LOW HITPOINT WARNING * * *
A large abomination comes into view.
A starcursed mass splits. x2
Found a scroll of fear.
A neqoxec comes into view.
Tentacles burst from the starspawn's body! 2 starspawn tentacles come into view.
A chorus of shrieks assaults your mind.
* * * LOW HITPOINT WARNING * * *
A starcursed mass splits.
A deafening chorus of shrieks assaults your mind!
* * * LOW HITPOINT WARNING * * *
The neqoxec gestures at you.
You feel dopey. Something feeds on your intellect!
A starcursed mass splits. x2
You block the large abomination's attack.
Tentacles burst from the starspawn's body!
A cacophony of accursed wailing tears at your sanity!
* * * LOW HITPOINT WARNING * * *
You suddenly lose the ability to move!
The large abomination hits you!!
* * * LOW HITPOINT WARNING * * *
You can no longer pass through a line of other dancers. 2 starspawn tentacles come into view.
The neqoxec barely misses you.
The starcursed mass engulfs you but does no damage.
The starspawn tentacle grabs you. The starspawn tentacle constricts you.
A cacophony of accursed wailing tears at your sanity!
You die...

.... .. ?. #..##..##.# .
..##..##..# .# .# ###
............##.# ## ....
..... ..... .. # .....
#..##..# ..# #. .
.#...##Xw##..##.## . .
......3@X.X...... .. #.
#.....XXwXXX....#..#ยง..
..#..##X3##X.##.....#..
#. ##XX##..##.. . #. . #
....X.XXw.. ..#
............. # .. #
....##..##..##..# ..#.#
.##...#.......#...... #
#....##... ####


You could see 10 starcursed masses, a tentacled starspawn, 2 large abominations,
2 neqoxecs and 2 starspawn tentacles.

Vanquished Creatures
  A vault guard (D:13)
  A great orb of eyes (D:12)
  3 boulder beetles
  Erolcha (D:9)
  Fannar (D:11)
  Harold (D:7)
  3 hydras (D:12)
  3 two-headed ogres
  Sonja (D:12)
  3 unseen horrors
  A large abomination (Abyss:3)
  A deep elf pyromancer (D:12)
  4 cyclopes
  A manticore (D:12)
  4 ugly things
  An apocalypse crab (Abyss:3)
  5 gargoyles
  Maggie (D:6)
  Psyche (D:9)
  An efreet (D:12)
  A kobold demonologist (D:12)
  A tengu conjurer (D:13)
  An ancient zyme (Abyss:3)
  3 trolls
  An ettin zombie (Abyss:3)
  A shadow (D:13)
  11 yaks
  3 wyverns
  2 ynoxinuls (Abyss:3)
  4 wraiths
  Eustachio (D:5)
  A human (D:13)
  A basilisk (D:11)
  A human (shapeshifter) (D:13)
  4 vampire mosquitoes (D:13)
  A neqoxec (Abyss:3)
  A soldier ant (D:13)
  4 water moccasins
  2 acid dragons
  4 black bears
  4 ice beasts
  14 orc warriors
  A sky beast (D:11)
  A necrophage (D:10)
  The ghost of HoaS the Insei, an amateur DgGl (D:3)
  10 centaurs
  9 ogres
  6 phantoms
  3 kobold brigands
  11 bullfrogs
  A gnoll sergeant (D:6)
  4 scorpions
  6 wights
  4 howler monkeys (D:11)
  3 bullfrog zombies
  2 centaur zombies
  3 jellies
  12 hounds
  A centaur skeleton (D:9)
  13 orc priests
  4 bullfrog skeletons
  16 orc wizards
  2 iguanas
  10 worker ants
  2 hound zombies
  2 hound skeletons
  A worker ant zombie (D:7)
  4 gnolls (D:6)
  13 adders
  A white imp (D:7)
  2 ufetubi
  3 oozes
  An adder zombie (D:5)
  2 worms
  2 leopard geckos (D:3)
  69 orcs
  4 giant cockroaches
  11 hobgoblins
  6 jackals
  6 quokkas
  10 bats
  A frilled lizard (D:5)
  11 goblins
  14 kobolds
  A leopard gecko skeleton (D:6)
  A quokka skeleton (D:5)
  7 rats
401 creatures vanquished.

Vanquished Creatures (others)
  42 fungi (D:11)
  41 plants (D:11)
  2 starspawn tentacles (Abyss:3)
85 creatures vanquished.

Grand Total: 486 creatures vanquished

Notes
Turn   | Place    | Note
-------+----------+-------------------------------------------
     0 | D:1      | booneroo the Troll Fighter began the quest for the Orb.
     0 | D:1      | Reached XP level 1. HP: 22/22 MP: 0/0
    77 | D:1      | Reached XP level 2. HP: 29/29 MP: 1/1
   191 | D:1      | Reached XP level 3. HP: 36/36 MP: 2/2
   862 | D:2      | Gained mutation: You have supernaturally acute eyesight.
                  | (SInv) [potion of mutation]
   862 | D:2      | Gained mutation: You are surrounded by a mild repulsion
                  | field. (EV +2) [potion of mutation]
   862 | D:2      | Gained mutation: You expend magic power (3 MP) to
                  | strengthen your wands. [potion of mutation]
  9800 | D:2      | Reached XP level 4. HP: 41/44 MP: 1/3
 10271 | D:3      | Reached skill level 3 in Unarmed Combat
 10281 | D:3      | Found a large runed translucent door.
 10282 | D:3      | Found a large runed translucent door.
 10344 | D:3      | Noticed HoaS's ghost (amateur DgGl)
 10410 | D:3      | Noticed an orc warrior
 10687 | D:3      | Killed an orc warrior
 10688 | D:3      | Reached skill level 1 in Stealth
 10688 | D:3      | Reached XP level 5. HP: 29/53 MP: 1/4
 10752 | D:3      | Killed HoaS's ghost
 10753 | D:3      | Reached skill level 4 in Unarmed Combat
 10753 | D:3      | Reached XP level 6. HP: 53/61 MP: 0/5
 11852 | D:4      | Reached XP level 7. HP: 40/67 MP: 4/6
 11991 | D:4      | Reached skill level 5 in Unarmed Combat
 12332 | D:5      | Entered Level 5 of the Dungeon
 12567 | D:5      | Reached skill level 6 in Unarmed Combat
 12568 | D:5      | Noticed an unseen horror
 12581 | D:5      | Killed an unseen horror
 12582 | D:5      | Reached skill level 7 in Unarmed Combat
 12582 | D:5      | Reached XP level 8. HP: 77/78 MP: 4/7
 12855 | D:5      | Noticed Eustachio
 12901 | D:5      | Killed Eustachio
 12902 | D:5      | Reached skill level 5 in Shields
 13508 | D:6      | Identified the +8 whip of the Sun {venom, rF+}
 13515 | D:6      | Reached skill level 8 in Unarmed Combat
 13556 | D:6      | Noticed Maggie
 13579 | D:6      | Killed Maggie
 13580 | D:6      | Reached XP level 9. HP: 83/85 MP: 2/8
 13772 | D:6      | Found a glowing golden altar of the Shining One.
 13781 | D:6      | Found a hide-covered altar of Uskayaw.
 13781 | D:6      | Found a bloodstained altar of Trog.
 13782 | D:6      | Found a shimmering blue altar of Sif Muna.
 13785 | D:6      | Found a burning altar of Makhleb.
 13786 | D:6      | Found an ancient bone altar of Kikubaaqudgha.
 13851 | D:6      | Became a worshipper of Uskayaw the Reveller
 13924 | D:6      | Found an iron altar of Okawaru.
 13960 | D:6      | Reached * piety under Uskayaw
 13961 | D:6      | Reached ** piety under Uskayaw
 13962 | D:6      | Reached skill level 9 in Unarmed Combat
 14431 | D:7      | Reached *** piety under Uskayaw
 14485 | D:7      | Noticed Harold
 14497 | D:7      | Killed Harold
 14498 | D:7      | Reached skill level 10 in Unarmed Combat
 14530 | D:7      | Reached skill level 1 in Evocations
 14678 | D:7      | Reached skill level 1 in Armour
 14732 | D:7      | Reached **** piety under Uskayaw
 14742 | D:7      | Reached ***** piety under Uskayaw
 14892 | D:7      | Found Yxzubb's Book Shoppe.
 14978 | D:7      | Reached XP level 10. HP: 94/94 MP: 9/9
 15135 | D:7      | Found a glowing golden altar of the Shining One.
 15199 | D:7      | Found a staircase to the Ecumenical Temple.
 15312 | Temple   | Entered the Ecumenical Temple
 15746 | D:8      | Reached skill level 11 in Unarmed Combat
 15793 | D:8      | You fall into a shaft and drop 2 floors!
 15793 | D:10     | Entered Level 10 of the Dungeon
 16299 | D:9      | Found Kulapedd's Jewellery Emporium.
 16334 | D:9      | Noticed a green ugly thing
 16337 | D:9      | Killed a green ugly thing
 16492 | D:9      | Noticed Erolcha
 16522 | D:9      | Killed Erolcha
 16523 | D:9      | Reached skill level 5 in Fighting
 16718 | D:9      | Reached skill level 12 in Unarmed Combat
 16726 | D:9      | Reached XP level 11. HP: 102/102 MP: 10/10
 16800 | D:9      | Noticed Psyche
 16804 | D:9      | Killed Psyche
 16899 | D:9      | Noticed a two-headed ogre
 16908 | D:9      | Killed a two-headed ogre
 17544 | D:10     | Noticed a two-headed ogre
 17551 | D:10     | Killed a two-headed ogre
 17838 | D:11     | Reached skill level 13 in Unarmed Combat
 17886 | D:11     | Noticed a boulder beetle
 17911 | D:11     | Killed a boulder beetle
 17983 | D:11     | Noticed a cyan ugly thing
 17989 | D:11     | Killed a cyan ugly thing
 18049 | D:11     | Noticed Fannar
 18059 | D:11     | Noticed a boulder beetle
 18069 | D:11     | Killed a boulder beetle
 18078 | D:11     | Killed Fannar
 18079 | D:11     | Reached XP level 12. HP: 61/111 MP: 5/11
 18240 | D:11     | Found a staircase to the Lair.
 19157 | D:11     | Noticed Glorbak's ghost (journeyman TrFi)
 19172 | D:11     | Found a transporter.
 19177 | D:11     | Found a transporter.
 19380 | D:12     | Noticed a great orb of eyes
 19380 | D:12     | Noticed an eight-headed hydra
 19382 | D:12     | Noticed a boulder beetle
 19386 | D:12     | Killed a great orb of eyes
 19386 | D:12     | Killed an eight-headed hydra
 19387 | D:12     | Reached skill level 14 in Unarmed Combat
 19390 | D:12     | Killed a boulder beetle
 19596 | D:12     | Noticed Sonja
 19646 | D:12     | Killed Sonja
 19647 | D:12     | Reached skill level 5 in Armour
 19782 | D:12     | Found a staircase to the Orcish Mines.
 19808 | D:12     | Reached ****** piety under Uskayaw
 19998 | D:12     | Noticed a four-headed hydra
 20003 | D:12     | Killed a seven-headed hydra
 20145 | D:12     | Noticed a seven-headed hydra
 20154 | D:12     | Killed an 11-headed hydra
 20155 | D:12     | Reached skill level 1 in Invocations
 20638 | D:12     | Reached XP level 13. HP: 104/120 MP: 13/13
 21423 | D:13     | Reached skill level 1 in Throwing
 21425 | D:13     | Cast into level 3 of the Abyss (a wizard)
 21542 | Abyss:3  | Reached skill level 15 in Unarmed Combat
 21574 | Abyss:3  | Lost mutation: You have supernaturally acute eyesight.
                  | (SInv) [a neqoxec]
 21581 | Abyss:3  | Noticed a tentacled starspawn
 21586 | Abyss:3  | Noticed a starcursed mass
 21602 | Abyss:3  | Paralysed by accursed screaming for 2 turns
 21602 | Abyss:3  | HP: 5/122 [large abomination (19)]
 21603 | Abyss:3  | Killed from afar by a starcursed mass

Illustrated notes

Levels and vault maps discovered:
D:1:      denvon_arrival_waterhouse, layout_basic
D:2:      layout_basic, minmay_puff
D:3:      layout_basic, ebering_ghost_disaster_area
D:4:      layout_rooms
D:5:      layout_basic, minmay_manual_monstrance, uniq_eustachio
D:6:      layout_basic, minitemple, okawaru_gym_becter, uniq_maggie
D:7:      layout_rooms, temple_statues, serial_shops, kennysheep_mini_moat,
          st_stairs_9, grunt_ministairs_9, corexii_corridor_pit,
          ebering_dispersal_statue_hall, eino_tiny_chamber,
          minmay_misc_feat_five, minmay_misc_feat_iff,
          nicolae_tso_carved_into_rock, uniq_harold
D:8:      layout_gridville, minmay_ruffians
D:9:      layout_loops_ring, serial_shops, nicolae_shop_stone, uniq_erolcha,
          uniq_psyche
D:10:     layout_irregular_city
D:11:     layout_basic, due_lair_maze_entry_diamond, gammafunk_ghost_hive,
          uniq_fannar
D:12:     layout_cross, erik_orc_3, minmay_the_grid_2x2
          [minmay_the_grid_square_x, minmay_the_grid_odd_star,
          minmay_the_grid_tiny_cups, minmay_the_grid_prize_four_corners],
          uniq_sonja
D:13:     layout_long_grid, grunt_vaults_entry_fortified
Temple:   nicolae_temple_no_exploring_needed
Abyss:3:  base: D:12, base: D:10, evilmike_abyss_exit_15

Skill      XL: |  1  2  3  4  5  6  7  8  9 10 11 12 13 |
---------------+----------------------------------------+-----
Unarmed Combat | 3 4 7 8 10 12 13 14 15 | 15.0
Shields        | 3 4 5 6 7 9 |  9.1
Fighting       | 3 4 5 6 |  6.4
Stealth        | 1 2 3 4 |  4.5
Evocations     | 1 2 |  2.3
Armour         | 1 2 4 5 |  5.0
Dodging        | 3 4 |  4.3
Invocations    | 1 2 |  2.8
Throwing       | 1 |  1.6

Action                   |  1- 3 |  4- 6 |  7- 9 | 10-12 | 13-15 || total
-------------------------+-------+-------+-------+-------+-------++-------
Melee: Unarmed           |   103 |   116 |   260 |   615 |   139 ||  1233
Throw: Dart              |       |    36 |    20 |    16 |     6 ||    78
       Throwing net      |       |       |       |     6 |       ||     6
       Javelin           |       |       |       |     6 |     8 ||    14
       Large rock        |       |       |       |     4 |       ||     4
       Stone             |       |       |       |       |     6 ||     6
Invok: Stomp             |       |       |       |     4 |       ||     4
       Line Pass         |       |       |       |     1 |       ||     1
       Grand Finale      |       |       |       |     1 |       ||     1
Evoke: Wand              |       |     4 |     6 |    14 |       ||    24
  Use: Potion            |     4 |     5 |     4 |     2 |     2 ||    17
       Scroll            |     1 |     4 |     9 |     8 |     5 ||    27
 Stab: Paralysed         |       |     3 |     4 |    39 |     5 ||    51
       Distracted        |       |       |       |     1 |     1 ||     2
       Sleeping          |       |       |       |     2 |       ||     2
Armor: Robe              |    26 |    41 |    11 |       |       ||    78
       Swamp dragon scal |       |       |    19 |   131 |    23 ||   173
Dodge: Dodged            |    36 |    62 |    85 |   204 |    41 ||   428
       Repelled          |       |       |       |     2 |       ||     2
Block: Kite shield       |    41 |    67 |   107 |   300 |    60 ||   575

Table legend: (Time is in decaauts)
 A = Elapsed time spent in this place.
 B = Non-inter-level travel time spent in this place.
 C = Inter-level travel time spent in this place.
 D = Time resting spent in this place.
 E = Time spent auto-exploring this place.
 F = Levels seen in this place.
 G = Mean time per level.
                   A        B        C        D        E       F      G
               +--------+--------+--------+--------+--------+-----+--------+
         Total |  21535 |  21229 |    306 |  11427 |   6316 |  15 | 1435.7 |
       Dungeon |  21345 |  21044 |    301 |  11404 |   6234 |  13 | 1641.9 |
        Temple |     21 |     16 |      5 |      0 |      0 |   1 |   21.0 |
         Abyss |    168 |    168 |      0 |     23 |     82 |   1 |  168.0 |
               +--------+--------+--------+--------+--------+-----+--------+

Top non-repeatable levels by time:
     D:2: 9542 daAuts
    D:11: 1508 daAuts
    D:12: 1442 daAuts
     D:3: 1324 daAuts
     D:9: 1047 daAuts
     D:5: 1031 daAuts
     D:6: 1000 daAuts
     D:7: 992 daAuts
    D:10: 965 daAuts
     D:4: 887 daAuts
     D:1: 631 daAuts
    D:13: 562 daAuts
     D:8: 408 daAuts
 Abyss:3: 168 daAuts
  Temple: 21 daAuts
